 Dungeon Crawl Stone Soup version 0.23.2-33-g5129a83184 (webtiles) character file.

Game seed: 18393611416815021834

610 Sniff0nMe the Slinger (level 7, -2/44 HPs)
             Began as a Halfling Hunter on July 27, 2019.
             Slain by an orc wizard
             ... wielding a +0 dagger
              (4 damage)
             ... on level 4 of the Dungeon.
             The game lasted 00:23:49 (3503 turns).

Sniff0nMe the Slinger (Halfling Hunter)             Turns: 3503, Time: 00:23:49

Health: -2/44      AC:  3    Str: 13    XL:     7   Next: 72%
Magic:  7/7        EV: 15    Int:  9    God:
Gold:   139        SH:  0    Dex: 17    Spells: 6/6 levels left

rFire    . . .     SeeInvis .   y - +2 dagger (freeze)
rCold    . . .     Gourm    .   (shield restricted)
rNeg     . . .     Faith    .   c - +0 leather armour
rPois    .         Spirit   .   (no helmet)
rElec    .         Reflect  .   (no cloak)
rCorr    .         Harm     .   (no gloves)
MR       .....                  (no boots)
Stlth    ++........             (no amulet)
HPRegen  0.14/turn              (no ring)
MPRegen  0.10/turn              (no ring)

@: slowed, very slow
A: small, mutation resistance 1
a: no special abilities


You were on level 4 of the Dungeon.
You were hungry.

You visited 1 branch of the dungeon, and saw 4 of its levels.

You collected 139 gold pieces.

Inventory:

Hand Weapons
 a - a +1 hunting sling
 b - a +0 short sword
 m - a +1 dagger of speed
 r - a +0 hunting sling
 v - a +3 short sword
 y - a +2 dagger of freezing (weapon)
Missiles
 p - 5 javelins
Armour
 c - a +0 leather armour (worn)
 k - a +0 ring mail
 u - a +0 robe
 A - a +0 robe
Scrolls
 h - 3 scrolls of magic mapping
 j - a scroll of immolation
 q - a scroll of fog
Potions
 g - 2 potions of degeneration {unknown}
 l - 2 potions of cancellation {unknown}
 n - a potion of brilliance {unknown}
 o - a potion of agility
 s - a potion of curing {unknown}
 t - a potion of might {unknown}
Comestibles
 f - 6 rations


   Skills:
 - Level 1.8 Fighting
 + Level 0.6 Short Blades
 + Level 11.3 Slings
 + Level 2.2 Armour
 + Level 3.0 Dodging
 + Level 1.8 Stealth


You had 6 spell levels left.
You didn't know any spells.
Your spell library contained the following spells:

 Spells                   Type           Power        Failure   Level  Hunger
 Confusing Touch          Hex            #.....       45%         1    ##.....
 Confuse                  Hex            #.......     83%         3    ####...
 Gell's Gravitas          Tloc           #.........   83%         3    ####...
 Petrify                  Tmut/Erth      #.......     99%         4    #####..
 Metabolic Englaciation   Hex/Ice        #.........   100%        5    ######.
 Yara's Violent Unravell  Hex/Tmut       #.........   100%        5    ######.


Dungeon Overview and Level Annotations

Branches:
Dungeon (4/15)
 Temple: D:4-7

Altars:

Shops:
D:4 :


Innate Abilities, Weirdness & Mutations

You are small and have problems with some larger weapons.
You are somewhat resistant to further mutation.


Message History

Your +2 dagger of freezing glows with a cold blue light!
y - a +2 dagger of freezing (weapon)
The orc wizard gestures at you while chanting.
The magic dart hits you!
* * * LOW HITPOINT WARNING * * *
Things that are here:
2 sling bullets; a stone A howler monkey comes into view.
The howler monkey howls!
The orc wizard casts a spell.
The orc wizard blinks!
The orc wizard gestures at you while chanting.
The magic dart hits you!
* * * LOW HITPOINT WARNING * * *
The howler monkey hoots and howls with incredible vigour!
You hear a bark!
You hear a shout! x2
As you read the scroll of fog, it crumbles to dust.
The scroll dissolves into smoke.
The orc wizard hits you with a +0 dagger.
You die...

.......(......##......#
..............#......###
.................##...#
#........>.#...##....
###.......####..#....
#......[# #.......
###((###.....###.###.
...#.§§o###.....# ####..
.((((.§@§##.....# ##..
(((().§§###....... ##...
((....§§. .......# .....
###.=..... . ##..#...
#........ ..#..##...
#.....(........>..###..
#.................#.##.
.....#...#..........##<
.# #.....# #..†.


You could see an orc wizard.

Vanquished Creatures
  Sigmund (D:3)
  A phantom (D:4)
  A scorpion (D:4)
  3 orc priests
  An orc wizard (D:3)
  Jessica (D:3)
  A worker ant (D:4)
  3 gnolls (D:4)
  4 adders
  2 oozes (D:1)
  2 adder skeletons (D:4)
  2 dart slugs (D:1)
  3 leopard geckos
  5 orcs
  5 giant cockroaches
  11 goblins
  9 hobgoblins
  2 kobolds (D:1)
  A quokka (D:3)
  A ball python (D:1)
  11 bats
  5 frilled lizards
  A leopard gecko skeleton (D:4)
  6 rats
82 creatures vanquished.

Notes
Turn   | Place    | Note
-------+----------+-------------------------------------------
     0 | D:1      | Sniff0nMe the Halfling Hunter began the quest for the Orb.
     0 | D:1      | Reached XP level 1. HP: 14/14 MP: 1/1
    43 | D:1      | Reached skill level 6 in Slings
   102 | D:1      | Reached XP level 2. HP: 19/19 MP: 2/2
   298 | D:1      | Reached XP level 3. HP: 24/24 MP: 3/3
   516 | D:1      | Reached skill level 7 in Slings
  1021 | D:2      | Reached XP level 4. HP: 23/29 MP: 4/4
  1522 | D:2      | Reached skill level 1 in Armour
  1857 | D:3      | Noticed Sigmund
  1867 | D:3      | Killed Sigmund
  1867 | D:3      | Reached skill level 9 in Slings
  1867 | D:3      | Reached XP level 5. HP: 34/34 MP: 5/5
  1867 | D:3      | Reached XP level 6. HP: 39/39 MP: 6/6
  2471 | D:3      | Reached skill level 10 in Slings
  2847 | D:3      | Noticed Jessica
  2853 | D:3      | Killed Jessica
  2949 | D:4      | Found Tirauma's Book Shoppe.
  3184 | D:4      | Reached XP level 7. HP: 42/44 MP: 7/7
  3465 | D:4      | Reached skill level 11 in Slings
  3502 | D:4      | HP: 2/44 [orc wizard/magic dart (8)]
  3503 | D:4      | Slain by an orc wizard

Skill      XL: |  1  2  3  4  5  6  7 |
---------------+----------------------+-----
Slings         | 6 7 9 10 11 | 11.3
Armour         | 1 2 |  2.2
Dodging        | 3 |  3.0
Fighting       | |  1.8
Short Blades   | |  0.6
Stealth        | |  1.8

Action                   |  1- 3 |  4- 6 |  7- 9 || total
-------------------------+-------+-------+-------++-------
Melee: Dagger            |     7 |     8 |       ||    15
 Fire: Hunting sling     |    72 |   162 |    94 ||   328
  Use: Scroll            |       |     7 |     1 ||     8
  Eat: Ration            |       |     1 |       ||     1
       Chunk             |       |     3 |       ||     3
Armor: Leather armour    |     5 |    11 |     3 ||    19
Dodge: Dodged            |    14 |    48 |    12 ||    74
